 Dungeon Crawl Stone Soup version 0.27.1-2-g3b301248ec (webtiles) character file.

Game seed: 6247047627932273339

39 vvl the Changer (level 3, -15/18 HPs)
             Began as a Spriggan Transmuter on Sept 30, 2021.
             Demolished by an ogre (20 damage)
             ... on level 2 of the Dungeon.
             The game lasted 00:08:03 (3002 turns).

vvl the Changer (Spriggan Transmuter)               Turns: 3002, Time: 00:08:04

Health: -15/18     AC:  4    Str:  7    XL:     3   Next: 28%
Magic:  8/8        EV: 17    Int: 14    God:
Gold:   67         SH:  0    Dex: 15    Spells: 7/8 levels left

rFire    . . .     SeeInvis +     - Unarmed
rCold    . . .     Faith    .   (shield restricted)
rNeg     . . .     Spirit   .   a - +0 robe
rPois    .         Reflect  .   (helmet currently unavailable)
rElec    .         Harm     .   g - +1 cloak
rCorr    .         Rampage  .   (gloves unavailable)
Will     .....                  (boots unavailable)
Stlth    +.........             (no amulet)
HPRegen  0.06/turn              (no ring)
MPRegen  0.11/turn              (no ring)

@: appendages (expiring), very quick
A: horns 2, talons 2, very small, no large weapons, unfitting armour, see
invisible, speed 3
a: End Transformation


You were on level 2 of the Dungeon.
You had temporarily grown beastly horns and talons.
You visited 1 branch of the dungeon, and saw 3 of its levels.

You collected 67 gold pieces.

Inventory:

Armour
 a - a +0 robe (worn)
 g - a +1 cloak (worn)
Jewellery
 b - a ring of ice
 d - a ring of flight
Wands
 e - a wand of digging (8)
Scrolls
 f - 2 scrolls of torment {unknown}
Potions
 c - a potion of magic {unknown}
 h - a potion of resistance {unknown}
 i - a potion of curing {unknown}


   Skills:
 + Level 1.0 Fighting
 + Level 3.1 Dodging
 * Level 2.8 Unarmed Combat
 + Level 3.0 Spellcasting
 * Level 3.6 Transmutations


You had 7 spell levels left.
You knew the following spells:

 Your Spells              Type           Power      Damage    Failure   Level
a - Beastly Appendage     Tmut           24%        N/A       4%          1

Your spell library contained the following spells:

 Spells                   Type           Power      Damage    Failure   Level
 Wereblood                Tmut           12%        N/A       8%          2
 Spider Form              Tmut/Pois      3%         N/A       30%         3
 Ice Form                 Ice/Tmut       7%         N/A       71%         4


Dungeon Overview and Level Annotations

Branches:
Dungeon (3/15)

Altars:


Innate Abilities, Weirdness & Mutations

You have temporarily grown beastly horns and talons.
You are very small and have problems with some larger weapons.
You are too small for most types of armour.
You have supernaturally acute eyesight. (SInv)
You cover ground extremely quickly. (Speed+++)


Message History

Your horns disappear.
Your talons disappear.
You see here a +0 dagger.
Things that are here:
a +0 whip; a kobold skeleton
Found an emerald potion.
i - an emerald potion You see here a +0 dagger.
An ogre is nearby!
You grow a pair of large bovine horns.
Your feet morph into talons.
No target in view!
An ogre is nearby!
You hit the ogre.
The ogre is lightly wounded.
You hit the ogre. You claw the ogre.
The ogre is moderately wounded.
Your transformation is almost over.
The ogre hits you with a +0 giant spiked club.
You hit the ogre. Your kick misses the ogre. You headbutt the ogre.
The ogre is heavily wounded.
The ogre barely misses you.
You hit the ogre. You claw the ogre.
The ogre is heavily wounded.
You hit the ogre but do no damage. Your headbutt misses the ogre.
The ogre is heavily wounded.
The ogre hits you with a +0 giant spiked club!
Ouch! That really hurt!
* * * LOW HITPOINT WARNING * * *
You hit the ogre.
The ogre is severely wounded.
The ogre misses you.
You hit the ogre.
The ogre is severely wounded.
You completely miss the ogre.
The ogre is severely wounded.
The ogre completely misses you.
You closely miss the ogre. You claw the ogre.
The ogre is almost dead.
The ogre hits you with a +0 giant spiked club!!
Ouch! That really hurt!
You die...

######....#...8...# #..........
###......#..)......#........w....
#...#####)...##...##.......##.###
..#####.....########.......##.##
..####..#<..#######.....#####r.##
........(..............####..r..#
.......#...#.............r.......
#.###...........######.###.......
....#.#.........@O### #.....<...
.†..........#####...##...........
....>........# ###.##...##......
....#........# .....# ###....
###....###...# ..... ..... #
#.##..##...... ...... #..?.
##...##.# ...### ...... ##...
#..#.# .. ...# ... . .#. ..# ..
### ..#


You could see an ogre.

Vanquished Creatures
  3 worms
  4 bats
  An endoplasm (D:1)
  A giant cockroach (D:1)
  A goblin (D:2)
  2 hobgoblins (D:1)
  5 quokkas
  4 ball pythons
  A frilled lizard (D:1)
  4 kobolds
  6 rats
32 creatures vanquished.

Notes
Turn   | Place    | Note
-------+----------+-------------------------------------------
     0 | D:1      | vvl the Spriggan Transmuter began the quest for the Orb.
     0 | D:1      | Reached XP level 1. HP: 9/9 MP: 5/5
   497 | D:1      | You fall into a shaft and drop 1 floor!
   856 | D:1      | Reached XP level 2. HP: 14/14 MP: 4/6
  1134 | D:1      | Found a faded altar of an unknown god.
  1552 | D:2      | Noticed an ogre
  2531 | D:1      | Reached skill level 1 in Fighting
  2539 | D:2      | Reached XP level 3. HP: 10/18 MP: 8/8
  3002 | D:2      | Demolished by an ogre

Illustrated notes

Levels and vault maps discovered:
D:1:      elethiomel_arrival_quiet, layout_loops_ring,
          shapermc_ecumenical_altar_totnotflames, columned_hall_lemuel
D:2:      layout_rooms, serial_park_tiny_pond
D:3:      layout_rooms, mainiacjoe_overflow_small_starburst,
          ebering_ghost_inner_flame, uniq_ijyb, uniq_grinder

Skill      XL: |  1  2  3 |
---------------+----------+-----
Transmutations | 3 |  3.6
Dodging        | 3 |  3.1
Fighting       | 1 |  1.0
Spellcasting   | 3 |  3.0
Unarmed Combat | |  2.8

Action                   || total
-------------------------++-------
Melee: Unarmed           ||   115
       Headbutt          ||    20
       Kick              ||    24
 Cast: Beastly Appendage ||    24
 Stab: Sleeping          ||     1
Armor: Robe              ||    12
Dodge: Dodged            ||    90
